Map: Jagannatha LE

Players

Borry - Winner!

  • Race: Terran Terran
  • Spawn Location: 1:00

Hydra

  • Race: Zerg Zerg
  • Spawn Location: 7:00

VOD

Have the link to the VOD?

Description

Time

  • Played on: Oct. 1, 2020, 3:10 p.m.
  • Length: 14:57
Show
View Real Time Build Order
Export as new Build Order

Borry Terran - Winner!

Build Orders: Liberator Opening 

Get SALT Encoding   

  12  0:00  SCV  
  13  0:12  SCV  
  14  0:19  Supply Depot  
  14  0:24  SCV  
  15  0:35  Refinery  
  15  0:41  SCV  
  16  0:52  Barracks  
  16  0:53  SCV  
  17  1:05  SCV  
  17  1:10  Supply Depot  
  18  1:17  SCV  
  19  1:29  SCV  
  20  1:41  SCV, Reaper  
  22  1:53  SCV, Refinery  
  23  2:05  SCV  
  24  2:12  Factory  
  24  2:17  SCV  
  25  2:23  Command Center  
  25  2:30  Orbital Command  
  25  2:35  Marine  
  26  2:53  Marine  
  26  2:57  Starport  
  27  3:00  Hellion  
  29  3:11  Marine  
  29  3:28  Factory Tech Lab  
  29  3:45  Orbital Command  
  29  3:46  SCV  
  30  3:53  Refinery  
  30  3:56  Liberator  
  30  3:58  SCV  
  30  3:59  Siege Tank  
  37  4:06  Armory  
  37  4:10  SCV  
  37  4:13  SCV  
  37  4:16  Refinery  
  39  4:22  SCV  
  39  4:23  Supply Depot  
  40  4:25  SCV  
  41  4:31  Supply Depot  
  41  4:34  SCV  
  41  4:37  SCV  
  43  4:47  SCV  
  43  4:49  Starport Tech Lab  
  44  4:54  Siege Tank  
  44  4:57  Terran Vehicle Weapons Level 1  
  44  4:59  Armory  
  47  5:05  Supply Depot  
  47  5:07  Supply Depot  
  47  5:15  Banshee  
  50  5:24  SCV  
  50  5:25  SCV  
  52  5:34  Supply Depot  
  52  5:36  SCV  
  52  5:37  SCV  
  54  5:49  SCV x2  
  56  5:59  Command Center  
  56  6:02  Banshee  
  59  6:05  Cloaking Field  
  59  6:09  Terran Ship Weapons Level 1  
  59  6:19  Fusion Core  
  59  6:26  SCV  
  59  6:27  SCV  
  61  6:38  SCV  
  61  6:39  SCV  
  63  6:50  SCV  
  63  6:51  SCV  
  62  7:24  Hyperflight Rotors, Weapon Refit  
  62  7:28  Banshee  
  65  7:32  Starport  
  65  7:47  Orbital Command  
  65  7:49  SCV x2  
  67  7:56  Refinery  
  67  8:01  SCV x2  
  69  8:06  Terran Vehicle Weapons Level 2  
  69  8:07  Terran Ship Weapons Level 2  
  69  8:10  Starport Tech Lab, Banshee  
  72  8:13  SCV x2  
  74  8:20  SCV, Refinery  
  74  8:25  SCV  
  74  8:26  SCV  
  77  8:32  SCV  
  78  8:37  SCV  
  78  8:38  SCV  
  80  8:44  SCV  
  81  8:49  SCV  
  81  8:50  SCV  
  81  8:54  Battlecruiser  
  89  8:56  SCV  
  89  9:01  SCV  
  89  9:02  SCV, Command Center  
  90  9:08  SCV  
  79  9:22  SCV  
  79  9:23  SCV x2  
  82  9:34  SCV  
  82  9:35  SCV x2  
  82  9:36  Battlecruiser  
  91  9:46  SCV  
  91  9:47  SCV x2  
  94  9:58  Battlecruiser, SCV  
  101  10:06  Supply Depot  
  101  10:07  Supply Depot  
  101  10:09  Supply Depot  
  101  10:11  Supply Depot  
  101  10:12  Supply Depot  
  101  10:16  Engineering Bay  
  101  10:28  SCV x3, Command Center  
  104  10:41  Battlecruiser  
  110  10:50  Terran Vehicle Weapons Level 3  
  110  10:51  Terran Ship Weapons Level 3  
  110  11:02  Battlecruiser  
  116  11:05  SCV  
  117  11:17  SCV  
  118  11:19  Command Center  
  118  11:29  SCV  
  119  11:41  SCV  
  119  11:45  Battlecruiser  
  126  11:53  SCV  
  127  12:00  Planetary Fortress  
  124  12:05  SCV, Refinery  
  124  12:06  SCV x2  
  127  12:17  SCV, Orbital Command  
  127  12:18  SCV x2  
  111  12:30  SCV x2  
  111  12:31  Refinery  
  110  12:42  SCV x2  
  111  12:54  SCV x2  
  113  13:03  Supply Depot  
  113  13:04  Supply Depot  
  113  13:05  Supply Depot x2  
  113  13:08  Sensor Tower  
  113  13:18  Hi-Sec Auto Tracking  
  106  13:33  Battlecruiser x2  
  114  14:21  SCV  
  114  14:33  SCV  
Show
View Real Time Build Order
Export as new Build Order

Hydra Zerg 

Build Orders: Pool First 

Get SALT Encoding   

  12  0:01  Drone  
  13  0:08  Drone  
  14  0:16  Drone, Extractor  
  15  0:27  Overlord  
  15  0:41  Spawning Pool  
  14  0:45  Extractor  
  14  0:46  Drone  
  14  0:56  Drone x2  
  16  1:20  Drone x3  
  19  1:31  Hatchery  
  18  1:35  Drone  
  19  1:45  Queen  
  21  1:54  Metabolic Boost  
  21  2:07  Drone  
  22  2:10  Overlord x2  
  22  2:42  Zergling x2  
  22  2:43  Zergling x4  
  25  3:16  Drone x5  
  30  3:28  Queen  
  32  3:39  Queen  
  34  3:43  Drone x2  
  34  3:45  Overlord  
  34  3:46  Hatchery, Overlord x2  
  35  4:04  Queen  
  35  4:07  Drone x3  
  40  4:15  Queen  
  42  4:36  Extractor  
  41  4:38  Zergling x2  
  41  4:39  Zergling x10  
  47  4:47  Roach Warren  
  46  4:54  Evolution Chamber  
  45  5:00  Extractor  
  45  5:01  Extractor  
  43  5:34  Drone x13  
  43  5:35  Drone x2  
  58  6:03  Lair  
  58  6:14  Drone  
  58  6:15  Drone x7  
  58  6:17  Overlord x5  
  66  6:35  Zerg Missile Weapons Level 1  
  66  6:54  Spore Crawler  
  65  7:00  Spore Crawler  
  58  7:25  Queen x3  
  64  8:03  Zergling x2  
  64  8:04  Zergling x34  
  82  8:26  Hydralisk Den  
  81  8:30  Zerg Melee Weapons Level 1  
  72  9:32  Spire  
  71  9:43  Infestation Pit  
  70  9:52  Hydralisk  
  70  9:53  Hydralisk x11  
  94  10:00  Overseer  
  94  10:03  Overseer  
  94  10:04  Overseer  
  94  10:24  Zerg Ground Armor Level 1  
  94  11:21  Hydralisk x5  
  94  11:24  Overlord x15  
  100  11:40  Muscular Augments  
  90  12:51  Grooved Spines  
  56  14:06  Mutalisk x9  
Tags
 
Add a new tag
Caveats
  • Supply blocks, unpowered buildings, or Contaminate may cause inaccurate times.
  • Supply counts are checked every 10 seconds.